 Dungeon Crawl Stone Soup version 0.29-a0-632-g781b4ac09e (webtiles) character file.

Game seed: 6239342613610819355

65 BritishOli the Skirmisher (level 3, -2/29 HPs)
             Began as a Demonspawn Fighter on June 18, 2022.
             Slain by an orc
             ... wielding a +0 war axe
              (4 damage)
             ... on level 2 of the Dungeon.
             The game lasted 00:02:22 (1978 turns).

BritishOli the Skirmisher (Demonspawn Fighter)      Turns: 1978, Time: 00:02:23

Health: -2/29      AC:  6    Str: 18    XL:     3   Next: 92%
Magic:  3/3        EV:  9    Int:  9    God:
Gold:   111        SH:  4    Dex: 12    Spells: 2/2 levels left

rFire   . . .      SeeInvis .   a - +0 long sword
rCold   . . .      Faith    .   c - +0 buckler
rNeg    . . .      Spirit   .   b - +0 scale mail
rPois   .          Reflect  .   (no helmet)
rElec   .          Harm     .   h - scarf {repulsion}
rCorr   .          Rampage  .   (no gloves)
Will    .....                   (no boots)
Stlth   ..........              (no amulet)
HPRegen 0.09/turn               (no ring)
MPRegen 0.08/turn               (no ring)

@: repel missiles
A: powered by death 1
a: no special abilities


You were on level 2 of the Dungeon.
You visited 1 branch of the dungeon, and saw 3 of its levels.

You collected 111 gold pieces.

Inventory:

Hand Weapons
 a - a +0 long sword (weapon)
Missiles
 j - 3 boomerangs (quivered)
Armour
 b - a +0 scale mail (worn)
 c - a +0 buckler (worn)
 h - a scarf of repulsion (worn)
 k - a +0 plate armour
Jewellery
 f - a +6 ring of intelligence
Scrolls
 e - a scroll of noise {unknown}
 g - 2 scrolls of teleportation {unknown}
Potions
 d - a potion of might
 i - a potion of degeneration {unknown}


   Skills:
 + Level 3.5 Fighting
 + Level 2.4 Long Blades
 + Level 3.2 Armour
 + Level 3.2 Shields


You had 2 spell levels left.
You didn't know any spells.
Your spell library contained the following spells:

 Spells                   Type           Power      Damage    Failure   Level
 Portal Projectile        Hex/Tloc       0%         N/A       99%         3
 Tukima's Dance           Hex            0%         N/A       99%         3
 Blade Hands              Tmut           0%         N/A       100%        5


Dungeon Overview and Level Annotations

Branches:
Dungeon (3/15)

Altars:
Vehumet
Wu Jian


Innate Abilities, Weirdness & Mutations

You regenerate a little health from kills.


Message History

The orc is severely wounded.
The orc hits you with a +0 whip. x2
You slash the orc!
You kill the orc!
The orc attacks as you move away! The orc hits you with a +0 war axe.
The orc wizard attacks as you move away!
The orc wizard barely misses you.
The orc wizard attacks as you move away!
The orc wizard hits you but does no damage.
The orc wizard points at you and mumbles some strange words.
The puff of flame is repelled.
The orc drinks a potion.
The orc seems to speed up.
The orc wizard casts a spell.
The orc wizard flickers and vanishes!
Deactivating autopickup; reactivate with Ctrl-A.
There is an open door here.
The orc hits you with a +0 war axe. The orc attacks as you move away!
You block the orc's attack. The orc hits you with a +0 war axe.
The orc attacks as you move away! The orc hits you with a +0 war axe.
The orc closely misses you.
There is a stone staircase leading up here.
The orc hits you with a +0 war axe!
* * * LOW HITPOINT WARNING * * *
The orc hits you but does no damage.
You climb upwards.
Reactivating autopickup.
There is a stone staircase leading down here.
You are too injured to fight recklessly!
Okay, then.
You hit the orc but do no damage. You block the orc's attack.
The orc barely misses you.
You closely miss the orc. You block the orc's attack.
The orc hits you but does no damage.
You hit the orc.
The orc is lightly wounded.
You block the orc's attack. The orc hits you with a +0 war axe.
* * * LOW HITPOINT WARNING * * *
The orc hits you with a +0 war axe.
You die...

..#.#'##....# ###
..'.......+########.#
..#.......+.........#
..+.......#########.#
..#.......# #.# ###.#+#####
#.# ....#.# #.#
.####.#############.#
................@>#.#
......#....######o#.#
#..####..#'######.#.#
##.............##.#.#
#.............##.#.#########
##.............##.#.........#
...............'....#######.#
#..............##.#.# #.#
#..............##.#.# #.#


You could see an orc (fast).

Vanquished Creatures
  2 adders (D:2)
  2 dart slugs (D:1)
  2 orcs
  4 bats
  3 endoplasms
  A giant cockroach (D:2)
  4 goblins
  6 hobgoblins
  A kobold (D:2)
  A quokka (D:1)
  9 ball pythons
  5 rats
40 creatures vanquished.

Notes
Turn   | Place    | Note
-------+----------+-------------------------------------------
     0 | D:1      | BritishOli the Demonspawn Fighter began the quest for the
                  | Orb.
     0 | D:1      | Reached XP level 1. HP: 18/18 MP: 1/1
   239 | D:1      | Gained mutation: You regenerate a little health from kills.
                  | [demonic ancestry]
   239 | D:1      | Reached XP level 2. HP: 19/24 MP: 2/2
   695 | D:1      | Found a faded altar of an unknown god.
  1014 | D:2      | Reached XP level 3. HP: 26/29 MP: 3/3
  1943 | D:3      | Found an ornate altar of the Wu Jian Council.
  1946 | D:3      | Found a radiant altar of Vehumet.
  1978 | D:2      | Slain by an orc

Illustrated notes

Levels and vault maps discovered:
D:1:      dpeg_arrival_tiny_h, layout_basic,
          shapermc_ecumenical_altar_mp_vishouse, corexii_item_surrounded_by_moat
D:2:      layout_basic
D:3:      minmay_evil_eye, layout_basic, mainiacjoe_overflow_catwalk_spiral

Skill      XL: |  1  2 |
---------------+-------+-----
Long Blades    | 2 |  2.4
Armour         | 3 |  3.2
Shields        | 3 |  3.2
Fighting       | |  3.5

Action                   || total
-------------------------++-------
Melee: Long sword        ||   127
  Use: Potion            ||     2
Armor: Scale mail        ||    72
Dodge: Dodged            ||    64
       Repelled          ||     1
Block: Buckler           ||    30

Table legend: (Time is in decaauts)
 A = Elapsed time spent in this place.
 B = Non-inter-level travel time spent in this place.
 C = Inter-level travel time spent in this place.
 D = Time resting spent in this place.
 E = Time spent auto-exploring this place.
 F = Levels seen in this place.
 G = Mean time per level.
                   A        B        C        D        E       F      G
               +--------+--------+--------+--------+--------+-----+--------+
         Total |   2019 |   1951 |     68 |    112 |   1493 |   3 |  673.0 |
       Dungeon |   2019 |   1951 |     68 |    112 |   1493 |   3 |  673.0 |
               +--------+--------+--------+--------+--------+-----+--------+

Top non-repeatable levels by time:
     D:2: 1093 daAuts
     D:1: 820 daAuts
     D:3: 105 daAuts
